 Dungeon Crawl Stone Soup version 0.25-a0-404-gc1b5a34292 (webtiles) character file.

Game seed: 15727138771326574385, levelgen mode: deterministic

14800 Axl the Geomancer (level 12, -13/71 HPs)
             Began as a Gargoyle Earth Elementalist on Jan 10, 2020.
             Was a Believer of Vehumet.
             Killed from afar by a wretched star (21 damage)
             ... with a lance of force
             ... on level 1 of the Abyss.
             The game lasted 00:48:56 (13016 turns).

Axl the Geomancer (Gargoyle Earth Elementalist)    Turns: 13016, Time: 00:48:57

Health: -13/71     AC: 20    Str: 13    XL:     12   Next: 20%
Magic:  23/23      EV: 30    Int: 20    God:    Vehumet [**....]
Gold:   611        SH:  0    Dex: 13    Spells: 17/26 levels left

rFire    + . .     SeeInvis .   F - +3 great mace of Optimality {flame, Dex+3}
rCold    + + .     Gourm    .   (shield currently unavailable)
rNeg     + . .     Faith    .   p - +2 robe {rC+ rF+}
rPois    ∞         Spirit   .   (no helmet)
rElec    +         Reflect  .   D - +1 cloak
rCorr    .         Harm     .   u - +1 pair of gloves
MR       +....                  l - +1 pair of boots
Stlth    ++........             x - amulet of the acrobat
HPRegen  0.21/turn              q - ring of protection from magic
MPRegen  0.18/turn              E - ring of protection from cold

@: acrobat
A: negative energy resistance 1, electricity resistance, unbreathing,
petrification resistance, rot immunity, AC +8
a: Renounce Religion


You were on level 1 of the Abyss.
You worshipped Vehumet.
Vehumet was pleased with you.
You were full.

You visited 2 branches of the dungeon, and saw 12 of its levels.
You visited the Abyss 1 time.

You collected 611 gold pieces.

Inventory:

Hand Weapons
 n - a +2 flail of holy wrath
 v - a +2 flail of draining
 w - a -1 eveningstar
 F - the +3 great mace of Optimality (weapon) {flame, Dex+3}
   (You found it on level 7 of the Dungeon)

   It has been specially enchanted to burn those struck by it, causing extra
   injury to most foes and up to half again as much damage against particularly
   susceptible opponents.
   It affects your dexterity (+3).
 H - a +0 eveningstar
Missiles
 b - 82 stones (quivered)
 s - 5 throwing nets
Armour
 l - a +1 pair of boots (worn)
 p - a +2 robe of resistance (worn)
 u - a +1 pair of gloves (worn)
 D - a +1 cloak (worn)
Magical Staves
 t - an uncursed staff of wizardry
Jewellery
 h - an uncursed ring of fire
 q - a ring of protection from magic (left hand)
 x - an amulet of the acrobat (around neck)
 E - a ring of protection from cold (right hand)
Wands
 g - a wand of digging (3)
 j - a wand of clouds (2)
 o - a wand of polymorph (6)
 r - a wand of paralysis (12)
 I - a wand of acid (7)
 K - a wand of flame (16)
Scrolls
 c - a scroll of enchant weapon
 e - 2 scrolls of teleportation
 f - 5 scrolls of remove curse
 y - a scroll of fog
 B - a scroll of magic mapping
 L - 2 scrolls of amnesia
Potions
 a - 2 potions of invisibility
 i - a potion of flight
 k - 2 potions of haste
 m - a potion of curing
 z - 2 potions of might
 A - a potion of berserk rage
 C - a potion of brilliance
Comestibles
 d - 16 rations


   Skills:
 + Level 6.7 Fighting
 + Level 6.3 Maces & Flails
 - Level 6.0 Armour
 + Level 5.5 Dodging
 - Level 2.1 Stealth
 + Level 7.8 Spellcasting
 + Level 8.4 Conjurations
   Level 0.7 Transmutations
 + Level 10.1 Earth Magic
 + Level 5.6 Evocations


You had 17 spell levels left.
You knew the following spells:

 Your Spells              Type           Power        Failure   Level  Hunger
a - Sandblast             Erth           #####.       1%          1    None
b - Stone Arrow           Conj/Erth      #####.       1%          3    None
c - Lee's Rapid Deconstr  Erth           #####.....   3%          5    #####..

Your spell library contained the following spells:

 Spells                   Type           Power        Failure   Level  Hunger
 Searing Ray              Conj           #####.       1%          2    None
 Magic Dart               Conj           ####         1%          1    None
 Passwall                 Tmut/Erth      ####....     1%          2    None
 Conjure Flame            Conj/Fire      ###.....     4%          3    None
 Dazzling Flash           Conj/Hex       ###...       4%          3    None
 Animate Skeleton         Necr           N/A          9%          1    None
 Apportation              Tloc           #.....       9%          1    None
 Corona                   Hex            #......      9%          1    None
 Summon Small Mammal      Summ           #...         9%          1    None
 Mephitic Cloud           Conj/Pois/Air  ###.....     9%          3    None
 Petrify                  Tmut/Erth      ####....     10%         4    ###....
 Blink                    Tloc           N/A          13%         2    None
 Call Imp                 Summ           #.......     13%         2    None
 Ensorcelled Hibernation  Hex/Ice        #.....       13%         2    None
 Slow                     Hex            #.......     13%         2    None
 Confusing Touch          Hex            #.......     26%         3    None
 Gell's Gravitas          Tloc           #.........   26%         3    None
 Tukima's Dance           Hex            #.......     26%         3    None
 Yara's Violent Unravell  Hex/Tmut       #.........   91%         5    #####..
 Metabolic Englaciation   Hex/Ice        #.........   94%         5    #####..


Dungeon Overview and Level Annotations

Branches:
Dungeon (11/15)            Temple (1/1) D:4            Lair (0/6) D:10
    Orc (0/2) D:9

Altars:
Ashenzari
Cheibriados
Dithmenos
Elyvilon
Fedhas
Gozag
Hepliaklqana
Kikubaaqudgha
Makhleb
Nemelex Xobeh
Okawaru
Qazlal
Ru
Sif Muna
Trog
Uskayaw
Vehumet
Wu Jian
Xom
Yredelemnul
Zin
The Shining One
Beogh

Annotations:
D:11 Psyche


Innate Abilities, Weirdness & Mutations

You are resistant to torment.
Your stone body is resilient. (AC +8)
You are immune to poison.
You resist negative energy. (rN+)
You are resistant to electric shocks. (rElec)
You can survive without breathing.
You are immune to petrification.
You are immune to rotting.


Message History

You feel resistant to extremes of temperature.
You start resting.
You are feeling very hungry.
You start resting.
Magic restored.
Things that are here:
a +0 trident; a cursed +0 robe You eat one of the 18 rations.
That ration really hit the spot!
You eat one of the 17 rations.
That ration really hit the spot!
You start resting.
A large abomination comes into view.
Found a gateway leading deeper into the Abyss.
The wretched star glows turbulently.
The lance of force hits you!
You are knocked back by the lance of force.
You slam into the crystal wall!
* * * LOW HITPOINT WARNING * * *
The wretched star glows turbulently.
The lance of force hits you!!
You die...

#.# .##.#.# #
...##....##
##.......### # .#
..##..##X>.##.#
..##...#....... ##
#.#..§..#.....#....
.#...§*#.......# #
..........#..##.#
##..#.#@.#.##.#...
# ###### ......
..#... ... # .#. .#


You could see a wretched star and a large abomination (wandering).

Vanquished Creatures
  A rakshasa (Abyss:1)
  4 two-headed ogres
  3 death yaks
  Pikel (D:9)
  Joseph (D:9)
  A hornet (D:10)
  3 trolls (D:10)
  A hippogriff (D:10)
  7 yaks
  3 hungry ghosts
  A vampire mosquito (D:10)
  A water moccasin (D:9)
  5 orc warriors
  4 sky beasts
  3 ice beasts
  A black bear (D:8)
  3 phantoms
  8 ogres
  2 centaurs
  A crocodile (D:7)
  A big kobold (D:10)
  5 bullfrogs
  4 gnoll sergeants
  11 scorpions
  4 wights (D:9)
  A howler monkey (D:5)
  4 crimson imps
  A bullfrog zombie (D:9)
  5 jellies
  2 gnoll shamans
  12 hounds
  3 centaur skeletons
  11 orc priests
  A bullfrog skeleton (D:4)
  Ijyb (D:3)
  5 iguanas
  8 orc wizards
  Natasha (thrice) (D:3)
  15 worker ants
  A hound skeleton (D:10)
  2 worker ant zombies
  31 gnolls
  A howler monkey skeleton (D:9)
  11 adders
  7 shadow imps
  An adder zombie (D:9)
  2 adder skeletons
  2 worms (D:4)
  4 dart slugs (D:1)
  7 leopard geckos
  57 orcs
  2 ball pythons
  7 giant cockroaches
  4 goblins
  6 hobgoblins
  4 jackals
  7 kobolds
  6 quokkas
  10 bats
  5 frilled lizards
  A jackal skeleton (D:6)
  A quokka skeleton (D:6)
  6 rats
  7 fungi (D:5)
343 creatures vanquished.

Vanquished Creatures (collateral kills)
  A rat (D:10)
1 creature vanquished.

Vanquished Creatures (others)
  4 slaves (D:9)
  A centaur zombie (D:9)
  A hound (D:9)
  2 fungi (D:5)
8 creatures vanquished.

Grand Total: 352 creatures vanquished

Notes
Turn   | Place    | Note
-------+----------+-------------------------------------------
     0 | D:1      | Axl the Gargoyle Earth Elementalist began the quest for the
                  | Orb.
     0 | D:1      | Reached XP level 1. HP: 10/10 MP: 3/3
     4 | D:1      | Noticed an electric eel
     4 | D:1      | Noticed an electric eel
    99 | D:1      | Reached skill level 4 in Earth Magic
    99 | D:1      | Reached XP level 2. HP: 15/15 MP: 1/5
  1034 | D:2      | Found a sacrificial altar of Ru.
  1074 | D:2      | Reached XP level 3. HP: 16/19 MP: 6/6
  1079 | D:2      | Learned a level 3 spell: Stone Arrow
  1739 | D:3      | Reached skill level 1 in Conjurations
  1739 | D:3      | Reached XP level 4. HP: 22/24 MP: 0/8
  1908 | D:3      | Noticed Natasha
  1908 | D:3      | Noticed Ijyb
  1913 | D:3      | Killed Natasha
  1964 | D:3      | Killed Ijyb
  1964 | D:3      | Reached skill level 5 in Earth Magic
  1964 | D:3      | Reached XP level 5. HP: 18/28 MP: 1/9
  2063 | D:3      | Learned a level 5 spell: Lee's Rapid Deconstruction
  2100 | D:3      | Noticed Natasha
  2218 | D:3      | Found an opulent altar of Gozag.
  2258 | D:3      | Killed Natasha
  2452 | D:3      | Noticed Natasha
  2459 | D:3      | Killed Natasha
  2459 | D:3      | Reached XP level 6. HP: 30/32 MP: 5/11
  2933 | D:4      | Found a blossoming altar of Fedhas.
  2980 | D:4      | Reached skill level 6 in Earth Magic
  3045 | D:4      | Noticed an ice beast
  3065 | D:4      | Killed an ice beast
  3065 | D:4      | Reached XP level 7. HP: 31/36 MP: 6/13
  3531 | D:4      | Found a hazy altar of Hepliaklqana.
  3555 | D:4      | Found a staircase to the Ecumenical Temple.
  3564 | Temple   | Entered the Ecumenical Temple
  3932 | D:4      | Found a glowing silver altar of Zin.
  4085 | D:5      | Entered Level 5 of the Dungeon
  4099 | D:4      | Reached skill level 1 in Armour
  4101 | D:4      | Reached XP level 8. HP: 19/42 MP: 5/15
  4328 | D:4      | Reached skill level 1 in Fighting
  4328 | D:4      | Reached skill level 7 in Earth Magic
  4532 | D:5      | Reached skill level 1 in Maces & Flails
  4532 | D:5      | Reached skill level 5 in Spellcasting
  4550 | D:5      | Reached skill level 1 in Evocations
  4858 | D:5      | Reached skill level 5 in Conjurations
  5498 | D:5      | Reached XP level 9. HP: 33/49 MP: 17/17
  6806 | D:6      | Found a basalt altar of Yredelemnul.
  6976 | D:6      | Found a bloodstained altar of Trog.
  7184 | D:6      | Reached skill level 8 in Earth Magic
  7733 | D:7      | Found a shimmering blue altar of Sif Muna.
  7750 | D:7      | Found an iron altar of Okawaru.
  7777 | D:7      | Found a hide-covered altar of Uskayaw.
  7778 | D:7      | Noticed a +0 dagger
  7779 | D:7      | Noticed a +0 dagger
  7838 | D:7      | Reached XP level 10. HP: 37/56 MP: 6/19
  8201 | D:7      | Got a fine great mace
  8202 | D:7      | Identified the +3 great mace of Optimality {flame, Dex+3}
                  | (You found it on level 7 of the Dungeon)
  8611 | D:8      | Found a glowing golden altar of the Shining One.
  8614 | D:8      | Found a roughly hewn altar of Beogh.
  8971 | D:8      | Found a white marble altar of Elyvilon.
  9167 | D:8      | Found an ornate altar of the Wu Jian Council.
  9352 | D:8      | Found a shattered altar of Ashenzari.
  9766 | D:9      | Found a staircase to the Orcish Mines.
  9851 | D:9      | Noticed Pikel
  9872 | D:9      | Killed Pikel
 10033 | D:9      | Found a radiant altar of Vehumet.
 10039 | D:9      | Became a worshipper of Vehumet
 10062 | D:9      | Reached skill level 5 in Armour
 10066 | D:9      | Reached skill level 5 in Fighting
 10585 | D:9      | Noticed Joseph
 10600 | D:9      | Killed Joseph
 10605 | D:9      | Reached XP level 11. HP: 58/64 MP: 14/21
 10613 | D:9      | Noticed a two-headed ogre
 10618 | D:9      | Reached skill level 5 in Maces & Flails
 10618 | D:9      | Reached skill level 9 in Earth Magic
 10623 | D:9      | Killed a two-headed ogre
 10908 | D:10     | Entered Level 10 of the Dungeon
 10995 | D:10     | Noticed a two-headed ogre
 11001 | D:10     | Reached * piety under Vehumet
 11001 | D:10     | Offered knowledge of Shock by Vehumet.
 11003 | D:10     | Killed a two-headed ogre
 11222 | D:10     | Noticed a death yak
 11224 | D:10     | Noticed a death yak
 11232 | D:10     | Noticed a death yak
 11252 | D:10     | Killed a death yak
 11253 | D:10     | Killed a death yak
 11533 | D:9      | Killed a death yak
 11533 | D:9      | Reached skill level 5 in Dodging
 11533 | D:9      | Reached skill level 5 in Evocations
 11929 | D:10     | Noticed a two-headed ogre
 11936 | D:10     | Killed a two-headed ogre
 12013 | D:10     | Noticed a two-headed ogre
 12021 | D:10     | Killed a two-headed ogre
 12021 | D:10     | Offered knowledge of Searing Ray by Vehumet.
 12291 | D:10     | Reached ** piety under Vehumet
 12308 | D:10     | Found a staircase to the Lair.
 12323 | D:10     | Got a silken robe
 12336 | D:10     | Reached XP level 12. HP: 64/71 MP: 19/23
 12348 | D:10     | Reached skill level 10 in Earth Magic
 12438 | D:10     | Identified the +1 robe of a bailey {rElec} (You found it on
                  | level 10 of the Dungeon)
 12855 | D:11     | Noticed Psyche
 12899 | D:11     | Cast into level 1 of the Abyss (Psyche)
 12914 | Abyss:1  | Noticed a rakshasa
 12934 | Abyss:1  | Killed a rakshasa
 13014 | Abyss:1  | Noticed a wretched star
 13016 | Abyss:1  | Killed from afar by a wretched star

Levels and vault maps discovered:
D:1:      arrival_aquarium_b, layout_loops_ring
D:2:      layout_loops_ring, nicolae_ru_path_of_blood, first_ration,
          hangedman_decor_points
D:3:      layout_rooms, lemuel_round_altar, minmay_stone_trees_small, uniq_ijyb,
          uniq_natasha
D:4:      layout_cave_pods, kennysheep_little_box,
          lemuel_coloured_pillars_altar, minmay_temple_entry_sparse_star,
          fedhas_ov_isle_minmay
D:5:      old_forge, layout_cave_pools, serial_gnoll_camp,
          gnoll_camp_huts_basic, gnoll_camp_mini_house, gnoll_camp_mini_hut,
          gnoll_camp_mini_doghouse, gnoll_camp_mini_hut
D:6:      layout_loops_corners, kennysheep_mini_moat, lemuel_round_altar,
          minmay_misc_feat_cross, supply_closet_lemuel
D:7:      layout_loops_ring, dancing_weapons_uskayaw, lemuel_doored_altar,
          serial_glass, glass_columns_a, glass_columns_a, item_on_display_a,
          minmay_strange_pillars, minmay_strange_pillars, due_unseen_surprise,
          grunt_ogre_cave, okawaru_gym_becter
D:8:      layout_basic, elyvilon_altar_3, old_standard_altar,
          nicolae_overflow_crystal_walls, basic_altar, special_room
          [special_room_orc]
D:9:      layout_loops_ring, fiery_altar_vehumet, orc_0_dummy,
          grunt_decor_arrowhead, uniq_pikel, uniq_joseph
D:10:     layout_irregular_city, dpeg_lair_monsters, grunt_ministairs_3,
          minmay_tree_intersection, minmay_fractal_squares_5
D:11:     layout_cave_pools, uniq_psyche
Temple:   eino_temple_lava
Abyss:1:  base:
D:12

Skill      XL: |  1  2  3  4  5  6  7  8  9 10 11 12 |
---------------+-------------------------------------+-----
Earth Magic    | 4 5 6 7 8 9 10 | 10.1
Spellcasting   | 3 4 5 6 7 |  7.8
Conjurations   | 1 2 4 5 6 7 8 |  8.4
Armour         | 1 2 4 5 6 |  6.0
Fighting       | 2 4 5 6 |  6.7
Maces & Flails | 2 3 4 6 |  6.3
Dodging        | 2 3 4 5 |  5.5
Evocations     | 2 3 4 5 |  5.6
Stealth        | |  2.1
Transmutations | |  0.7

Action                   |  1- 3 |  4- 6 |  7- 9 | 10-12 || total
-------------------------+-------+-------+-------+-------++-------
Melee: Dagger            |   101 |   104 |    21 |       ||   226
       Whip              |       |       |   399 |       ||   399
       Flail             |       |       |    33 |    12 ||    45
       Great mace        |       |       |       |   292 ||   292
 Cast: Sandblast         |    23 |    60 |    93 |   102 ||   278
       Stone Arrow       |     1 |     1 |    10 |    14 ||    26
       Lee's Rapid Decon |       |     1 |     6 |    29 ||    36
Evoke: Wand              |       |       |     4 |     7 ||    11
  Use: Scroll            |     3 |     1 |     8 |     6 ||    18
       Potion            |       |     4 |     3 |     4 ||    11
 Stab: Sleeping          |     3 |     1 |     2 |     5 ||    11
  Eat: Chunk             |     3 |     4 |    18 |    17 ||    42
       Ration            |       |       |       |     5 ||     5
Armor: Robe              |    41 |    53 |   189 |   225 ||   508
       Skin              |       |       |       |     7 ||     7
Dodge: Dodged            |    81 |    78 |   250 |   352 ||   761

Table legend:
 A = Non-vault XP
 B = Vault XP
 C = Vault XP percentage of total XP
 D = Non-vault monster count
 E = Vault monster count
 F = Vault count percentage of total count
                 A         B        C        D         E       F
            +---------+---------+-------+---------+---------+-------
      Total |   13981 |    7162 |  33.9 |     251 |      87 |  25.7
            +---------+---------+-------+---------+---------+-------
        D:1 |      29 |       0 |   0.0 |      13 |       0 |   0.0
        D:2 |      22 |       0 |   0.0 |      15 |       0 |   0.0
        D:3 |     257 |      71 |  21.6 |      24 |       2 |   7.7
        D:4 |     725 |      70 |   8.8 |      23 |       3 |  11.5
        D:5 |     863 |    1145 |  57.0 |      23 |      34 |  59.6
        D:6 |    1227 |       0 |   0.0 |      35 |       0 |   0.0
        D:7 |     788 |     264 |  25.1 |      18 |       2 |  10.0
        D:8 |     776 |     358 |  31.6 |      21 |      24 |  53.3
        D:9 |    2877 |    1858 |  39.2 |      32 |       3 |   8.6
       D:10 |    4719 |    3396 |  41.8 |      40 |      19 |  32.2
       D:11 |     592 |       0 |   0.0 |       5 |       0 |   0.0
     Temple |      74 |       0 |   0.0 |       1 |       0 |   0.0
    Abyss:1 |    1032 |       0 |   0.0 |       1 |       0 |   0.0
            +---------+---------+-------+---------+---------+-------
